 Dungeon Crawl Stone Soup version 0.28-a0-578-g717728bcc0 (webtiles) character file.

Game seed: 393905288750149327

3645 Gargoyl the Fighter (level 10, -11/81 HPs)
             Began as a Gnoll Abyssal Knight on Sept 30, 2021.
             Was a Priest of Lugonu.
             Mangled by a death knight (22 damage)
             ... on level 6 of the Dungeon on Oct 2, 2021.
             The game lasted 00:10:26 (8690 turns).

Gargoyl the Fighter (Gnoll Abyssal Knight)          Turns: 8690, Time: 00:10:27

Health: -11/81     AC: 15    Str: 23    XL:     10   Next: 12%
Magic:  13/17      EV:  8    Int:  9    God:    Lugonu [***...]
Gold:   235        SH:  0    Dex: 12    Spells: 19/19 levels left

rFire   . . .      SeeInvis .   a - +2 hand axe (elec)
rCold   . . .      Faith    .   (no shield)
rNeg    . . .      Spirit   .   f - +0 plate armour
rPois   .          Reflect  .   i - +0 helmet
rElec   .          Harm     .   b - +0 cloak
rCorr   .          Rampage  .   (no gloves)
Will    .....                   (no boots)
Stlth   ..........              (no amulet)
HPRegen 0.23/turn               o - +6 ring of strength
MPRegen 0.15/turn               (no ring)

@: slowed, studying Short Blades, very slow
A: fangs 1, strong nose, distributed training
a: Renounce Religion, Depart the Abyss, Bend Space, Banish


You were on level 6 of the Dungeon.
You worshipped Lugonu.
Lugonu was most pleased with you.
You visited 1 branch of the dungeon, and saw 8 of its levels.
You visited the Abyss 1 time.

You collected 235 gold pieces.

Inventory:

Hand Weapons
 a - a +2 hand axe of electrocution (weapon)
 d - a +2 short sword of venom
 h - a +4 quarterstaff of chaos
 t - a +4 spear
 A - a +2 long sword of holy wrath
Missiles
 e - 52 poisoned darts (quivered)
 k - a throwing net
 s - 2 curare-tipped darts
Armour
 b - a +0 cloak (worn)
 f - a +0 plate armour (worn)
 i - a +0 helmet (worn)
Jewellery
 o - a +6 ring of strength (left hand)
 r - an amulet of faith
 y - a ring of magical power
Wands
 p - a wand of polymorph (5)
 w - a wand of charming (9)
Scrolls
 g - 2 scrolls of magic mapping
 m - 2 scrolls of amnesia
 q - a scroll of teleportation
 v - 3 scrolls of brand weapon
Potions
 c - a potion of invisibility {unknown}
 j - 3 potions of ambrosia
 l - 4 potions of curing
 n - 2 potions of flight
 u - a potion of brilliance
 x - a potion of lignification
 z - a potion of might {unknown}


   Skills:
 + Level 8.3 Fighting
 + Level 6.5 Short Blades
 + Level 5.0 Long Blades
 + Level 6.8 Axes
 + Level 5.0 Maces & Flails
 + Level 5.0 Polearms
 + Level 5.0 Staves
 + Level 5.0 Slings
 + Level 5.0 Bows
 + Level 5.0 Crossbows
 + Level 5.0 Throwing
 + Level 6.8 Armour
 + Level 5.6 Dodging
 + Level 5.0 Stealth
 + Level 5.0 Shields
 + Level 5.0 Unarmed Combat
 + Level 5.0 Spellcasting
 + Level 4.1 Conjurations
 + Level 4.1 Hexes
 + Level 4.1 Summonings
 + Level 4.1 Necromancy
 + Level 4.1 Translocations
 + Level 4.1 Transmutations
 + Level 4.1 Fire Magic
 + Level 4.1 Ice Magic
 + Level 4.1 Air Magic
 + Level 4.1 Earth Magic
 + Level 4.1 Poison Magic
 + Level 7.2 Invocations
 + Level 5.0 Evocations


You had 19 spell levels left.
You didn't know any spells.
Your spell library contained the following spells:

 Spells                   Type           Power      Damage    Failure   Level
 Animate Skeleton         Necr           18%        N/A       56%         1
 Pain                     Necr           36%        1d5       56%         1
 Sting                    Tmut/Pois      36%        1d4       56%         1
 Blink                    Tloc           N/A        N/A       71%         2
 Poisonous Vapours        Pois/Air       18%        N/A       71%         2
 Summon Guardian Golem    Hex/Summ       9%         N/A       91%         3
 Vampiric Draining        Necr           4%         2d6       91%         3
 Animate Dead             Necr           4%         N/A       100%        4
 Olgreb's Toxic Radiance  Pois           9%         N/A       100%        4
 Borgnjor's Vile Clutch   Necr/Erth      4%         N/A       100%        5
 Manifold Assault         Tloc           9%         N/A       100%        5
 Death Channel            Necr           4%         N/A       100%        6
 Orb of Destruction       Conj           4%         9d2       100%        7
 Spellforged Servitor     Conj/Summ      4%         N/A       100%        7
 Storm Form               Tmut/Air       4%         N/A       100%        7


Dungeon Overview and Level Annotations

Branches:
Dungeon (8/15)             Temple (0/1) D:4            Lair (0/6) D:8

Altars:
Qazlal
Xom

Annotations:
Abyss:1 Maggie


Innate Abilities, Weirdness & Mutations

You have very sharp teeth.
Your uncanny sense of smell can sniff out nearby items.
Your experience applies equally to all skills.


Message History

Lightning courses through the bullfrog zombie!
You punch the bullfrog zombie!
The bullfrog zombie is severely damaged.
The bullfrog zombie closely misses you.
Unknown command.
There are no items here.
The bullfrog zombie closely misses you.
You climb upwards.
There is a stone staircase leading down here.
Okay, then.
You climb downwards.
The bullfrog zombie hits you but does no damage.
The wraith hits you but does no damage.
The bullfrog zombie hits you but does no damage.
The skeletal warrior hits you with a +0 dire flail.
The death knight hits you with a +3 broad axe!!
There is a stone staircase leading up, spattered with blood here.
The bullfrog zombie hits you but does no damage.
The wraith hits you but does no damage. The wraith hits you.
The wraith drains your vigour!
You feel yourself slow down.
The skeletal warrior hits you but does no damage.
The death knight hits you with a +3 broad axe.
The bullfrog zombie hits you but does no damage.
You climb upwards.
There is a stone staircase leading down here.
Press: ? - help, Shift-Dir - straight line, f - skeletal warrior
Aim: a skeletal warrior, wielding a +0 dire flail (chance to affect: 21%)
The skeletal warrior resists with almost no effort.
The wraith hits you but does no damage.
The skeletal warrior hits you with a +0 dire flail!!
* * * LOW HITPOINT WARNING * * *
The wraith completely misses you.
Press: ? - help, Shift-Dir - straight line, f/p - skeletal warrior
Aim: a skeletal warrior, wielding a +0 dire flail (chance to affect: 21%)
You fail to use your ability.
The wraith hits you!
* * * LOW HITPOINT WARNING * * *
The wraith drains your vigour!
You feel as though you will be slow longer.
The death knight hits you with a +3 broad axe!!
You die...

#.# #.# #..#..... #.# #.#
#..#..... #.# #.# #..#.....
..#####.# ##.#####.
........##################.#
#.
...........................#
#.
#######.#####[)##########..#
#. #.# #).##########..#####.
#.# #.Wp@W...............
#.#####..#####.......######
#.(............####.##
#######........# #.#
######### ##.####### #.#
........# #.# #.#
#######.######.##########.#
#...................#
#####################


You could see a death knight and 2 wraiths.

Vanquished Creatures
  A two-headed ogre (D:8)
  Pikel (D:6)
  Prince Ribbit (D:6)
  Grinder (D:3)
  A water moccasin (D:5)
  An ice beast (D:6)
  2 black bears
  2 centaurs (D:4)
  2 ogres
  A phantom (D:5)
  4 lemures (D:6)
  A scorpion (D:6)
  6 killer bees (D:8)
  5 wights (D:8)
  A howler monkey (D:4)
  Crazy Yiuf (D:2)
  2 hounds (D:4)
  4 orc priests
  2 jellies
  An iguana (D:4)
  4 orc wizards
  A hound zombie (D:5)
  7 adders
  A shadow imp (D:5)
  2 adder skeletons (D:4)
  A worm (D:2)
  18 orcs
  8 endoplasms
  9 giant cockroaches
  10 goblins
  8 hobgoblins
  3 jackals (D:2)
  7 quokkas
  7 ball pythons
  5 bats
  3 frilled lizards
  A jackal skeleton (D:4)
  6 kobolds
  A rat (D:1)
142 creatures vanquished.

Vanquished Creatures (others)
  A fungus (D:4)
1 creature vanquished.

Grand Total: 143 creatures vanquished

Notes
Turn   | Place    | Note
-------+----------+-------------------------------------------
     0 | Abyss:1  | Gargoyl the Gnoll Abyssal Knight began the quest for the
                  | Orb.
     0 | Abyss:1  | Reached XP level 1. HP: 23/23 MP: 3/3
    38 | Abyss:2  | Noticed a ynoxinul
    66 | Abyss:3  | Noticed a raiju
    66 | Abyss:3  | Noticed a raiju
    66 | Abyss:3  | Noticed a raiju
    66 | Abyss:3  | Noticed a raiju
    66 | D:1      | Escaped the Abyss
   198 | D:1      | Reached * piety under Lugonu
   244 | D:1      | Reached XP level 2. HP: 29/29 MP: 5/5
   809 | D:1      | Upgraded the game from 0.28-a0-563-gf77a47075d to
                  | 0.28-a0-578-g717728bcc0
  1075 | D:1      | Reached XP level 3. HP: 35/35 MP: 6/6
  1550 | D:2      | Found a stormy altar of Qazlal.
  1739 | D:2      | Reached ** piety under Lugonu
  1752 | D:2      | Reached skill level 1 in Short Blades
  1752 | D:2      | Reached skill level 1 in Long Blades
  1752 | D:2      | Reached skill level 1 in Maces & Flails
  1752 | D:2      | Reached skill level 1 in Polearms
  1752 | D:2      | Reached skill level 1 in Staves
  1752 | D:2      | Reached skill level 1 in Slings
  1752 | D:2      | Reached skill level 1 in Bows
  1752 | D:2      | Reached skill level 1 in Crossbows
  1752 | D:2      | Reached skill level 1 in Throwing
  1752 | D:2      | Reached skill level 1 in Stealth
  1752 | D:2      | Reached skill level 1 in Shields
  1752 | D:2      | Reached skill level 1 in Unarmed Combat
  1752 | D:2      | Reached skill level 1 in Spellcasting
  1752 | D:2      | Reached skill level 1 in Evocations
  1872 | D:2      | Reached XP level 4. HP: 41/41 MP: 7/7
  1981 | D:2      | Found a runed translucent door.
  1982 | D:2      | Noticed Crazy Yiuf
  1992 | D:2      | Killed Crazy Yiuf
  1993 | D:2      | Reached skill level 1 in Conjurations
  1993 | D:2      | Reached skill level 1 in Hexes
  1993 | D:2      | Reached skill level 1 in Summonings
  1993 | D:2      | Reached skill level 1 in Necromancy
  1993 | D:2      | Reached skill level 1 in Translocations
  1993 | D:2      | Reached skill level 1 in Transmutations
  1993 | D:2      | Reached skill level 1 in Fire Magic
  1993 | D:2      | Reached skill level 1 in Ice Magic
  1993 | D:2      | Reached skill level 1 in Air Magic
  1993 | D:2      | Reached skill level 1 in Earth Magic
  1993 | D:2      | Reached skill level 1 in Poison Magic
  2378 | D:3      | Noticed Grinder
  2393 | D:3      | Killed Grinder
  2394 | D:3      | Reached skill level 5 in Invocations
  2394 | D:3      | Reached XP level 5. HP: 9/47 MP: 8/8
  2394 | D:3      | Reached XP level 6. HP: 10/53 MP: 9/9
  2800 | D:3      | Reached skill level 5 in Axes
  2800 | D:3      | Reached skill level 5 in Armour
  3154 | D:3      | Noticed a black bear
  3167 | D:3      | Killed a black bear
  3168 | D:3      | Reached XP level 7. HP: 43/59 MP: 10/10
  3767 | D:4      | Reached skill level 7 in Fighting
  3943 | D:4      | Reached *** piety under Lugonu
  4293 | D:4      | Found a staircase to the Ecumenical Temple.
  4694 | D:4      | Reached XP level 8. HP: 37/67 MP: 12/12
  5171 | D:5      | Entered Level 5 of the Dungeon
  5934 | D:5      | You fall into a shaft and drop 3 floors!
  5980 | D:8      | Noticed a two-headed ogre
  6023 | D:8      | HP: 2/67 [two-headed ogre (23)]
  6051 | D:8      | Killed a two-headed ogre
  6052 | D:8      | Reached XP level 9. HP: 6/73 MP: 12/14
  6407 | D:8      | Reached skill level 5 in Short Blades
  6621 | D:7      | Found a shimmering altar of Xom.
  6789 | D:8      | Found a staircase to the Lair.
  6894 | D:8      | Reached skill level 5 in Dodging
  7524 | D:6      | Reached skill level 8 in Fighting
  7540 | D:6      | Noticed Maggie
  7543 | D:6      | Banished Maggie
  8273 | D:6      | Noticed Pikel
  8282 | D:6      | Killed Pikel
  8283 | D:6      | Reached XP level 10. HP: 72/80 MP: 15/17
  8416 | D:6      | Noticed Prince Ribbit
  8419 | D:6      | Killed Prince Ribbit
  8420 | D:6      | Reached skill level 5 in Long Blades
  8420 | D:6      | Reached skill level 5 in Maces & Flails
  8420 | D:6      | Reached skill level 5 in Polearms
  8420 | D:6      | Reached skill level 5 in Staves
  8420 | D:6      | Reached skill level 5 in Slings
  8420 | D:6      | Reached skill level 5 in Bows
  8420 | D:6      | Reached skill level 5 in Crossbows
  8420 | D:6      | Reached skill level 5 in Throwing
  8420 | D:6      | Reached skill level 5 in Stealth
  8420 | D:6      | Reached skill level 5 in Shields
  8420 | D:6      | Reached skill level 5 in Unarmed Combat
  8420 | D:6      | Reached skill level 5 in Spellcasting
  8420 | D:6      | Reached skill level 5 in Evocations
  8681 | D:7      | Noticed a death knight
  8681 | D:7      | Noticed a skeletal warrior
  8690 | D:6      | Mangled by a death knight

Illustrated notes

Levels and vault maps discovered:
D:1:      erik_arrival_orb_chamber, layout_loops_ring, minmay_tripent
D:2:      layout_basic, basic_altar, uniq_crazy_yiuf_cottage
D:3:      layout_basic, chequers_decorated_corner, uniq_grinder
D:4:      minmay_inner_zag, layout_cave_pools, minmay_temple_entry_grid,
          serial_park, serial_park_tiny_pond, serial_park_square3
          [serial_park_minivault_5x5_6], serial_park_tiny_1, serial_park_square3
          [serial_park_minivault_5x5_6], serial_park_tiny_pond,
          minmay_misc_feat_rugged, minmay_manual_mares
D:5:      layout_loops_corners
D:6:      layout_loops_ring, uniq_maggie, uniq_pikel, uniq_prince_ribbit1
D:7:      layout_basic, general_overflow_altar, grunt_ministairs_3,
          grunt_potential
D:8:      layout_loops_corners, dpeg_oklobed_lair, ebering_ghost_reflecting_pool

Skill      XL: |  1  2  3  4  5  6  7  8  9 10 |
---------------+-------------------------------+-----
Short Blades   | 1 2 3 4 6 |  6.5
Long Blades    | 1 2 3 4 5 |  5.0
Maces & Flails | 1 2 3 4 5 |  5.0
Polearms       | 1 2 3 4 5 |  5.0
Staves         | 1 2 3 4 5 |  5.0
Slings         | 1 2 3 4 5 |  5.0
Bows           | 1 2 3 4 5 |  5.0
Crossbows      | 1 2 3 4 5 |  5.0
Throwing       | 1 2 3 4 5 |  5.0
Stealth        | 1 2 3 4 5 |  5.0
Shields        | 1 2 3 4 5 |  5.0
Unarmed Combat | 1 2 3 4 5 |  5.0
Spellcasting   | 1 2 3 4 5 |  5.0
Evocations     | 1 2 3 4 5 |  5.0
Conjurations   | 1 2 3 4 |  4.1
Hexes          | 1 2 3 4 |  4.1
Summonings     | 1 2 3 4 |  4.1
Necromancy     | 1 2 3 4 |  4.1
Translocations | 1 2 3 4 |  4.1
Transmutations | 1 2 3 4 |  4.1
Fire Magic     | 1 2 3 4 |  4.1
Ice Magic      | 1 2 3 4 |  4.1
Air Magic      | 1 2 3 4 |  4.1
Earth Magic    | 1 2 3 4 |  4.1
Poison Magic   | 1 2 3 4 |  4.1
Dodging        | 3 4 5 |  5.6
Invocations    | 5 6 7 |  7.2
Axes           | 5 6 |  6.8
Armour         | 5 6 |  6.8
Fighting       | 7 8 |  8.3

Action                   |  1- 3 |  4- 6 |  7- 9 | 10-12 || total
-------------------------+-------+-------+-------+-------++-------
Melee: Short sword       |   109 |    65 |   259 |       ||   433
       Bite              |     9 |     7 |    38 |     1 ||    55
       Punch             |     2 |       |     3 |     1 ||     6
       Quarterstaff      |       |     9 |    23 |       ||    32
       Hand axe          |       |       |    64 |     7 ||    71
Throw: Dart              |       |     1 |     5 |       ||     6
Invok: Depart the Abyss  |     1 |       |       |       ||     1
       Bend Space        |       |       |     1 |       ||     1
       Banish            |       |       |     1 |     1 ||     2
  Use: Scroll            |     3 |       |    12 |       ||    15
       Potion            |       |     3 |       |       ||     3
Armor: Leather armour    |    14 |       |       |       ||    14
       Plate armour      |    86 |    72 |   353 |    11 ||   522
Dodge: Dodged            |    53 |    22 |   135 |     5 ||   215

Table legend: (Time is in decaauts)
 A = Elapsed time spent in this place.
 B = Non-inter-level travel time spent in this place.
 C = Inter-level travel time spent in this place.
 D = Time resting spent in this place.
 E = Time spent auto-exploring this place.
 F = Levels seen in this place.
 G = Mean time per level.
                   A        B        C        D        E       F      G
               +--------+--------+--------+--------+--------+-----+--------+
         Total |   8684 |   8455 |    229 |    810 |   6185 |  11 |  789.5 |
       Dungeon |   8619 |   8390 |    229 |    810 |   6149 |   8 | 1077.4 |
         Abyss |     65 |     65 |      0 |      0 |     36 |   3 |   21.7 |
               +--------+--------+--------+--------+--------+-----+--------+

Top non-repeatable levels by time:
     D:4: 1534 daAuts
     D:3: 1347 daAuts
     D:5: 1240 daAuts
     D:2: 1136 daAuts
     D:8: 1101 daAuts
     D:1: 1090 daAuts
     D:6: 970 daAuts
     D:7: 198 daAuts
 Abyss:2: 34 daAuts
 Abyss:3: 18 daAuts
 Abyss:1: 12 daAuts
